[ PARTIDA AOE2 · #480458663 ]
Team RMMagiares vs Persians
[ ANÁLISIS DE REPETICIÓN · EXTRAÍDO DE LA PARTIDA GRABADA ]
Feudal
9:32
Castillos
22:16
Imperial
45:23
| APM promedio | 21.4 |
| APM pico | 63 |
| eAPM promedio | 10.4 |
| Aldeanos / militares | 82 / 47 |
Foco
⚔️ 26.8% · 🌾 73.2%
Skirmisher ×25 · Spearman ×12 · Magyar Huszar ×10
Feudal
9:36
Castillos
16:48
Imperial
40:07
| APM promedio | 29.8 |
| APM pico | 97 |
| eAPM promedio | 12.3 |
| Aldeanos / militares | 76 / 47 |
Foco
⚔️ 34.7% · 🌾 65.3%
Spearman ×30 · Conquistador ×11 · Mangonel ×4 · Petard ×2
Feudal
10:33
Castillos
21:49
Imperial
43:29
| APM promedio | 20.9 |
| APM pico | 45 |
| eAPM promedio | 12.2 |
| Aldeanos / militares | 102 / 127 |
Foco
⚔️ 35.3% · 🌾 64.7%
Tarkan ×51 · Cavalry Archer ×42 · Knight ×19 · Petard ×7 · Militia ×6 · Scout Cavalry ×1
Feudal
11:38
Castillos
17:15
Imperial
41:59
| APM promedio | 38.7 |
| APM pico | 90 |
| eAPM promedio | 14.2 |
| Aldeanos / militares | 85 / 86 |
Foco
⚔️ 24.3% · 🌾 75.7%
Camel Scout ×65 · Skirmisher ×16 · Knight ×3 · Cataphract ×2
Feudal
8:02
Castillos
20:33
Imperial
36:37
| APM promedio | 65.0 |
| APM pico | 148 |
| eAPM promedio | 40.7 |
| Aldeanos / militares | 183 / 221 |
Foco
⚔️ 61.5% · 🌾 38.5%
Knight ×215 · Scout Cavalry ×5 · Monk ×1
Feudal
—
Castillos
—
Imperial
—
| APM promedio | 31.4 |
| APM pico | 74 |
| eAPM promedio | 15.4 |
| Aldeanos / militares | 99 / 85 |
Foco
⚔️ 22.7% · 🌾 77.3%
Archer ×74 · Battering Ram ×8 · Mangonel ×2 · Skirmisher ×1
Mapa de la partida
Recursos iniciales + cada clic de construcción. Líneas = muros · curvas = relieve. ◆ oro · ⬟ piedra · ● bayas · ✦ reliquia · ◌ hueco del cierre
Tu base· Abierta — hueco de 3t
Base de Bubble Kg !· ✓ Cerrada en 16:48 · 35t muro · 3 puerta(s)
Base de Metrix· Abierta — flanco sin cerrar
Base de mofo· ✓ Cerrada en 17:15 · 39t muro · 2 puerta(s)
Base de Hotaru Tomoe· Abierta — flanco sin cerrar
Base de MancoAntonio75· ✓ Cerrada en 22:25 · 42t muro · 5 puerta(s)
Terreno inicial suavizado · ◌ = hueco del cierre detectado · pasá el cursor para detalles
Inputs por minuto
— Qenix312 - - Bubble Kg !
Build order — Qenix312
Primeras 150 de 206 acciones detectadas
| 0:01 | Crear | Villager (Male) |
| 0:01 | Crear | Villager (Male) |
| 0:01 | Crear | Villager (Male) |
| 0:02 | Crear | Villager (Male) |
| 0:04 | Construir | House |
| 0:05 | Construir | House |
| 1:37 | Crear | Villager (Male) |
| 1:37 | Crear | Villager (Male) |
| 1:37 | Crear | Villager (Male) |
| 2:01 | Construir | Lumber Camp |
| 2:04 | Crear | Villager (Male) |
| 2:04 | Crear | Villager (Male) |
| 2:26 | Crear | Villager (Male) |
| 3:06 | Crear | Villager (Male) |
| 3:06 | Crear | Villager (Male) |
| 3:31 | Crear | Villager (Male) |
| 3:31 | Crear | Villager (Male) |
| 3:34 | Construir | House |
| 3:35 | Construir | House |
| 4:03 | Crear | Villager (Male) |
| 4:03 | Crear | Villager (Male) |
| 4:04 | Crear | Villager (Male) |
| 4:31 | Construir | Mill |
| 5:10 | Crear | Villager (Male) |
| 5:10 | Crear | Villager (Male) |
| 5:11 | Crear | Villager (Male) |
| 5:11 | Crear | Villager (Male) |
| 5:11 | Crear | Villager (Male) |
| 6:53 | Crear | Villager (Male) |
| 7:22 | Investigar | Feudal Age |
| 7:28 | Construir | Lumber Camp |
| 7:44 | Construir | Mining Camp |
| 7:49 | Investigar | Loom |
| 7:52 | Crear | Villager (Male) |
| 9:29 | Construir | Barracks |
| 9:32 | Edad | Edad Feudal |
| 9:48 | Investigar | Double-Bit Axe |
| 10:01 | Crear | Spearman |
| 10:01 | Crear | Spearman |
| 10:01 | Crear | Spearman |
| 10:34 | Construir | Palisade Wall |
| 10:41 | Construir | Farm |
| 11:05 | Construir | Farm |
| 11:05 | Construir | Farm |
| 11:05 | Construir | Farm |
| 11:06 | Construir | Farm |
| 11:36 | Crear | Villager (Male) |
| 11:36 | Crear | Villager (Male) |
| 11:36 | Crear | Villager (Male) |
| 11:47 | Construir | Farm |
| 11:51 | Construir | Farm |
| 11:56 | Construir | Farm |
| 12:00 | Construir | House |
| 12:24 | Crear | Spearman |
| 12:25 | Crear | Spearman |
| 12:32 | Construir | House |
| 12:42 | Construir | Palisade Wall |
| 12:45 | Construir | Palisade Wall |
| 12:55 | Construir | Farm |
| 12:58 | Construir | Farm |
| 13:01 | Construir | Farm |
| 13:05 | Construir | Farm |
| 13:30 | Construir | House |
| 13:32 | Construir | House |
| 13:39 | Construir | Farm |
| 13:42 | Construir | Farm |
| 13:47 | Crear | Villager (Male) |
| 13:47 | Crear | Villager (Male) |
| 13:53 | Construir | Farm |
| 14:54 | Construir | Farm |
| 15:00 | Crear | Villager (Male) |
| 15:00 | Crear | Villager (Male) |
| 15:00 | Crear | Villager (Male) |
| 16:00 | Construir | Blacksmith |
| 16:06 | Construir | Market |
| 16:18 | Crear | Villager (Male) |
| 17:01 | Crear | Villager (Male) |
| 18:46 | Crear | Villager (Male) |
| 18:46 | Crear | Villager (Male) |
| 19:05 | Crear | Spearman |
| 19:05 | Crear | Spearman |
| 19:24 | Construir | Farm |
| 19:31 | Construir | Farm |
| 19:36 | Investigar | Castle Age |
| 20:56 | Construir | Farm |
| 21:10 | Crear | Villager (Male) |
| 21:10 | Crear | Villager (Male) |
| 21:10 | Crear | Villager (Male) |
| 21:13 | Construir | Mining Camp |
| 21:55 | Investigar | Stone Mining |
| 21:59 | Investigar | Wheelbarrow |
| 22:16 | Edad | Edad de los Castillos |
| 23:33 | Investigar | Pikeman (upgrade) |
| 23:38 | Construir | Lumber Camp |
| 23:47 | Crear | Villager (Male) |
| 23:47 | Crear | Villager (Male) |
| 25:36 | Investigar | Man-at-Arms (upgrade) |
| 25:55 | Crear | Villager (Male) |
| 25:55 | Crear | Villager (Male) |
| 25:55 | Crear | Villager (Male) |
| 25:56 | Crear | Villager (Male) |
| 26:06 | Construir | Town Center |
| 26:11 | Crear | Spearman |
| 26:11 | Crear | Spearman |
| 26:11 | Crear | Spearman |
| 26:11 | Crear | Spearman |
| 26:12 | Crear | Spearman |
| 26:39 | Crear | Villager (Male) |
| 26:40 | Crear | Villager (Male) |
| 27:30 | Construir | Farm |
| 27:34 | Crear | Villager (Male) |
| 27:34 | Crear | Villager (Male) |
| 27:34 | Crear | Villager (Male) |
| 27:35 | Crear | Villager (Male) |
| 27:37 | Investigar | Hand Cart |
| 27:39 | Investigar | Town Watch |
| 28:32 | Construir | Castle |
| 28:59 | Investigar | Fletching |
| 29:40 | Construir | Palisade Gate |
| 29:51 | Construir | Farm |
| 30:07 | Construir | Archery Range |
| 30:11 | Crear | Villager (Male) |
| 30:12 | Crear | Villager (Male) |
| 30:12 | Crear | Villager (Male) |
| 30:12 | Crear | Villager (Male) |
| 30:27 | Crear | Villager (Male) |
| 30:27 | Crear | Villager (Male) |
| 30:27 | Crear | Villager (Male) |
| 30:28 | Crear | Villager (Male) |
| 31:16 | Crear | Magyar Huszar ×4 |
| 31:16 | Crear | Magyar Huszar ×4 |
| 31:16 | Crear | Magyar Huszar |
| 31:16 | Crear | Magyar Huszar |
| 31:22 | Crear | Skirmisher |
| 31:35 | Construir | Archery Range |
| 31:42 | Construir | Castle |
| 34:06 | Construir | Farm |
| 34:14 | Crear | Villager (Male) |
| 34:14 | Crear | Villager (Male) |
| 34:14 | Crear | Villager (Male) |
| 34:14 | Crear | Villager (Male) |
| 34:14 | Crear | Villager (Male) |
| 34:20 | Construir | Town Center |
| 34:32 | Construir | Lumber Camp |
| 34:35 | Construir | Farm |
| 34:51 | Investigar | Horse Collar |
| 35:09 | Crear | Villager (Male) |
| 35:09 | Crear | Villager (Male) |
| 35:09 | Crear | Villager (Male) |
| 35:09 | Crear | Villager (Male) |
Build order — Bubble Kg !
Primeras 150 de 255 acciones detectadas
| 0:03 | Construir | House |
| 0:04 | Construir | House |
| 0:05 | Crear | Villager (Male) ×4 |
| 1:38 | Crear | Villager (Male) |
| 2:13 | Crear | Villager (Male) |
| 2:14 | Crear | Villager (Male) |
| 2:39 | Crear | Villager (Male) |
| 2:54 | Construir | House |
| 3:21 | Crear | Villager (Male) |
| 3:52 | Crear | Villager (Male) |
| 3:58 | Crear | Villager (Male) |
| 4:31 | Crear | Villager (Male) |
| 5:17 | Construir | Lumber Camp |
| 5:21 | Crear | Villager (Male) |
| 5:22 | Crear | Villager (Male) |
| 5:42 | Construir | Mill |
| 6:00 | Crear | Villager (Male) |
| 6:33 | Crear | Villager (Male) |
| 6:42 | Investigar | Loom |
| 7:21 | Construir | Mining Camp |
| 7:24 | Investigar | Feudal Age |
| 8:17 | Construir | House |
| 8:23 | Crear | Villager (Male) |
| 8:24 | Crear | Villager (Male) |
| 8:36 | Construir | Mill |
| 9:36 | Edad | Edad Feudal |
| 9:40 | Crear | Villager (Male) |
| 10:05 | Crear | Villager (Male) |
| 10:26 | Construir | Mill |
| 10:41 | Construir | Blacksmith |
| 10:47 | Construir | Palisade Wall |
| 10:48 | Construir | Palisade Wall |
| 10:52 | Crear | Villager (Male) |
| 10:53 | Crear | Villager (Male) |
| 11:24 | Crear | Villager (Male) |
| 11:30 | Construir | Palisade Wall |
| 11:31 | Construir | Palisade Wall |
| 11:32 | Construir | Palisade Wall |
| 11:48 | Construir | House |
| 12:20 | Construir | Palisade Wall |
| 12:39 | Construir | Market |
| 12:48 | Crear | Villager (Male) |
| 12:49 | Crear | Villager (Male) |
| 13:03 | Crear | Villager (Male) |
| 13:14 | Construir | Palisade Gate |
| 13:17 | Construir | Palisade Wall |
| 13:20 | Construir | Palisade Wall |
| 13:22 | Construir | Palisade Wall |
| 13:30 | Construir | Palisade Wall |
| 13:38 | Construir | Palisade Wall |
| 13:59 | Investigar | Castle Age |
| 14:07 | Construir | Mining Camp |
| 14:53 | Construir | Palisade Wall |
| 14:56 | Construir | Palisade Wall |
| 15:40 | Construir | House |
| 15:44 | Construir | Palisade Wall |
| 15:45 | Construir | Palisade Wall |
| 15:46 | Construir | Palisade Wall |
| 16:09 | Construir | Farm |
| 16:11 | Construir | Farm |
| 16:48 | Edad | Edad de los Castillos |
| 17:56 | Crear | Villager (Male) |
| 17:57 | Crear | Villager (Male) |
| 17:57 | Crear | Villager (Male) |
| 17:57 | Crear | Villager (Male) |
| 18:27 | Construir | Town Center |
| 19:00 | Construir | Farm |
| 19:03 | Construir | Farm |
| 19:37 | Construir | Farm |
| 19:40 | Construir | Farm |
| 20:14 | Crear | Villager (Male) |
| 20:35 | Crear | Villager (Male) |
| 21:05 | Crear | Villager (Male) |
| 21:08 | Construir | Farm |
| 21:14 | Construir | Farm |
| 21:21 | Construir | Farm |
| 21:41 | Crear | Villager (Male) |
| 21:58 | Crear | Villager (Male) |
| 22:13 | Construir | Farm |
| 22:17 | Construir | Farm |
| 22:20 | Construir | Farm |
| 22:31 | Construir | House |
| 22:32 | Construir | House |
| 22:35 | Investigar | Horse Collar |
| 22:43 | Crear | Villager (Male) |
| 23:12 | Crear | Villager (Male) |
| 23:13 | Crear | Villager (Male) |
| 23:29 | Construir | Castle |
| 23:43 | Construir | House |
| 23:46 | Construir | House |
| 23:48 | Construir | Palisade Wall |
| 24:00 | Construir | Palisade Wall |
| 24:22 | Investigar | Gold Mining |
| 24:23 | Investigar | Double-Bit Axe |
| 24:26 | Crear | Villager (Male) |
| 24:27 | Crear | Villager (Male) |
| 24:52 | Crear | Conquistador |
| 25:07 | Crear | Conquistador |
| 25:30 | Construir | Barracks |
| 25:50 | Crear | Conquistador |
| 25:52 | Crear | Conquistador |
| 26:41 | Crear | Conquistador |
| 26:42 | Crear | Conquistador |
| 26:53 | Construir | Stone Wall |
| 26:57 | Construir | Stone Wall |
| 27:06 | Construir | Stone Wall |
| 27:07 | Construir | Stone Wall |
| 27:12 | Construir | Stone Wall |
| 27:16 | Construir | Stone Wall |
| 27:19 | Construir | Stone Wall |
| 27:22 | Construir | Stone Wall |
| 27:23 | Construir | Stone Wall |
| 27:28 | Crear | Conquistador |
| 27:45 | Construir | Siege Workshop |
| 27:58 | Crear | Villager (Male) |
| 28:00 | Crear | Villager (Male) |
| 28:02 | Crear | Conquistador |
| 28:37 | Crear | Mangonel |
| 28:37 | Crear | Mangonel |
| 28:56 | Crear | Mangonel |
| 29:39 | Crear | Mangonel |
| 29:52 | Construir | Lumber Camp |
| 30:03 | Crear | Villager (Male) |
| 30:06 | Investigar | Wheelbarrow |
| 30:07 | Crear | Villager (Male) |
| 30:07 | Crear | Villager (Male) |
| 31:25 | Crear | Conquistador |
| 31:25 | Crear | Conquistador |
| 31:26 | Crear | Conquistador |
| 31:40 | Crear | Villager (Male) |
| 31:41 | Crear | Villager (Male) |
| 31:43 | Construir | Farm |
| 31:48 | Construir | Farm |
| 31:49 | Construir | Farm |
| 32:52 | Construir | Gate |
| 33:03 | Construir | Farm |
| 33:04 | Construir | Farm |
| 33:04 | Construir | Farm |
| 33:04 | Construir | Farm |
| 33:06 | Construir | Farm |
| 33:26 | Crear | Petard |
| 33:27 | Crear | Petard |
| 33:40 | Investigar | Bow Saw |
| 33:53 | Investigar | Hand Cart |
| 34:00 | Construir | House |
| 34:01 | Construir | House |
| 34:08 | Construir | Gate |
| 34:14 | Construir | House |
| 34:15 | Construir | House |
| 34:16 | Construir | House |
Build order — Metrix
Primeras 150 de 357 acciones detectadas
| 0:04 | Crear | Villager (Male) |
| 0:04 | Crear | Villager (Male) |
| 0:04 | Crear | Villager (Male) |
| 0:05 | Crear | Villager (Male) |
| 0:05 | Crear | Villager (Male) |
| 0:05 | Crear | Villager (Male) |
| 0:08 | Investigar | Loom |
| 1:53 | Crear | Villager (Male) |
| 1:53 | Crear | Villager (Male) |
| 1:54 | Crear | Villager (Male) |
| 2:55 | Crear | Villager (Male) |
| 2:56 | Crear | Villager (Male) |
| 2:56 | Crear | Villager (Male) |
| 2:56 | Crear | Villager (Male) |
| 4:02 | Construir | Mill |
| 4:55 | Crear | Villager (Male) |
| 4:55 | Crear | Villager (Male) |
| 4:55 | Crear | Villager (Male) |
| 4:56 | Crear | Villager (Male) |
| 4:56 | Crear | Villager (Male) |
| 4:56 | Crear | Villager (Male) |
| 5:19 | Construir | Lumber Camp |
| 6:11 | Crear | Villager (Male) |
| 6:11 | Crear | Villager (Male) |
| 6:11 | Crear | Villager (Male) |
| 6:12 | Crear | Villager (Male) |
| 7:33 | Construir | Mill |
| 8:23 | Investigar | Feudal Age |
| 9:06 | Crear | Villager (Male) |
| 9:06 | Crear | Villager (Male) |
| 9:07 | Crear | Villager (Male) |
| 9:07 | Crear | Villager (Male) |
| 9:07 | Crear | Villager (Male) |
| 9:30 | Construir | Barracks |
| 10:33 | Edad | Edad Feudal |
| 10:35 | Crear | Villager (Male) |
| 10:35 | Crear | Villager (Male) |
| 10:36 | Crear | Villager (Male) |
| 10:38 | Investigar | Wheelbarrow |
| 11:20 | Investigar | Man-at-Arms (upgrade) |
| 11:26 | Construir | Stable |
| 11:34 | Investigar | Town Watch |
| 11:38 | Investigar | Double-Bit Axe |
| 12:21 | Construir | Farm |
| 12:25 | Construir | Farm |
| 12:40 | Construir | Palisade Wall |
| 12:47 | Construir | Gate |
| 12:52 | Investigar | Horse Collar |
| 12:59 | Crear | Scout Cavalry |
| 13:20 | Construir | Farm |
| 13:22 | Construir | Farm |
| 13:25 | Construir | Farm |
| 13:29 | Construir | Farm |
| 13:43 | Construir | Farm |
| 15:02 | Construir | Stone Wall |
| 15:13 | Construir | Farm |
| 15:16 | Construir | Farm |
| 15:25 | Construir | Mining Camp |
| 15:32 | Crear | Villager (Male) |
| 15:33 | Crear | Villager (Male) |
| 15:38 | Construir | Farm |
| 15:40 | Construir | Farm |
| 15:41 | Construir | Farm |
| 15:42 | Construir | Farm |
| 17:11 | Construir | Market |
| 17:16 | Crear | Villager (Male) |
| 17:16 | Crear | Villager (Male) |
| 18:29 | Construir | Blacksmith |
| 18:59 | Construir | Mining Camp |
| 19:09 | Investigar | Castle Age |
| 19:24 | Construir | Archery Range |
| 19:30 | Construir | Archery Range |
| 19:32 | Construir | Archery Range |
| 19:43 | Investigar | Scale Barding Armor |
| 20:58 | Investigar | Fletching |
| 20:59 | Investigar | Padded Archer Armor |
| 21:01 | Investigar | Forging |
| 21:16 | Crear | Militia |
| 21:17 | Crear | Militia |
| 21:17 | Crear | Militia |
| 21:17 | Crear | Militia |
| 21:17 | Crear | Militia |
| 21:18 | Crear | Militia |
| 21:30 | Investigar | Gold Mining |
| 21:31 | Investigar | Stone Mining |
| 21:49 | Edad | Edad de los Castillos |
| 21:54 | Construir | Town Center |
| 22:01 | Crear | Villager (Male) |
| 22:01 | Crear | Villager (Male) |
| 22:01 | Crear | Villager (Male) |
| 22:01 | Crear | Villager (Male) |
| 22:02 | Crear | Villager (Male) |
| 22:26 | Construir | Town Center |
| 23:14 | Investigar | Long Swordsman (upgrade) |
| 23:30 | Crear | Villager (Male) |
| 23:30 | Crear | Villager (Male) |
| 23:34 | Crear | Villager (Male) |
| 23:34 | Crear | Villager (Male) |
| 23:34 | Crear | Villager (Male) |
| 23:34 | Crear | Villager (Male) |
| 23:35 | Crear | Villager (Male) |
| 23:35 | Crear | Villager (Male) |
| 23:35 | Crear | Villager (Male) |
| 23:35 | Crear | Villager (Male) |
| 23:36 | Crear | Villager (Male) |
| 23:36 | Crear | Villager (Male) |
| 23:41 | Crear | Cavalry Archer |
| 23:41 | Crear | Cavalry Archer |
| 23:41 | Crear | Cavalry Archer |
| 24:34 | Crear | Cavalry Archer |
| 24:34 | Crear | Cavalry Archer |
| 24:34 | Crear | Cavalry Archer |
| 24:34 | Crear | Cavalry Archer |
| 24:43 | Crear | Villager (Male) |
| 24:44 | Crear | Villager (Male) |
| 24:44 | Crear | Villager (Male) |
| 24:44 | Crear | Villager (Male) |
| 24:44 | Crear | Villager (Male) |
| 24:45 | Crear | Villager (Male) |
| 25:00 | Crear | Cavalry Archer |
| 25:00 | Crear | Cavalry Archer |
| 25:51 | Investigar | Hand Cart |
| 25:58 | Construir | Farm |
| 26:11 | Crear | Cavalry Archer |
| 26:11 | Crear | Cavalry Archer |
| 26:12 | Crear | Cavalry Archer |
| 26:24 | Crear | Knight |
| 26:24 | Crear | Knight |
| 26:44 | Construir | Farm |
| 26:44 | Construir | Farm |
| 26:45 | Construir | Farm |
| 26:45 | Construir | Farm |
| 26:45 | Construir | Farm |
| 26:45 | Construir | Farm |
| 26:46 | Construir | Farm |
| 26:46 | Construir | Farm |
| 26:46 | Construir | Farm |
| 26:47 | Construir | Farm |
| 26:47 | Construir | Farm |
| 26:47 | Construir | Farm |
| 26:47 | Construir | Farm |
| 26:56 | Crear | Villager (Male) |
| 26:56 | Crear | Villager (Male) |
| 27:08 | Crear | Cavalry Archer |
| 27:09 | Crear | Cavalry Archer |
| 27:09 | Crear | Cavalry Archer |
| 27:09 | Crear | Cavalry Archer |
| 27:36 | Construir | Farm |
| 27:39 | Construir | Farm |
| 27:39 | Construir | Farm |
Build order — mofo
Primeras 150 de 252 acciones detectadas
| 0:02 | Construir | House |
| 0:04 | Construir | House |
| 0:08 | Crear | Villager (Male) |
| 0:08 | Crear | Villager (Male) |
| 0:08 | Crear | Villager (Male) |
| 0:24 | Crear | Villager (Male) |
| 1:47 | Crear | Villager (Male) |
| 2:08 | Construir | Lumber Camp |
| 2:17 | Crear | Villager (Male) |
| 2:36 | Crear | Villager (Male) |
| 3:20 | Crear | Villager (Male) |
| 3:35 | Construir | House |
| 3:37 | Crear | Villager (Male) |
| 4:25 | Construir | House |
| 4:39 | Crear | Villager (Male) |
| 4:39 | Crear | Villager (Male) |
| 5:04 | Construir | Palisade Wall |
| 5:06 | Crear | Villager (Male) |
| 5:14 | Crear | Villager (Male) |
| 5:42 | Crear | Villager (Male) |
| 6:09 | Construir | Mill |
| 6:12 | Crear | Villager (Male) |
| 6:39 | Crear | Villager (Male) |
| 7:11 | Construir | Palisade Wall |
| 7:25 | Crear | Villager (Male) |
| 8:10 | Crear | Villager (Male) |
| 8:17 | Construir | House |
| 8:42 | Construir | House |
| 8:51 | Crear | Villager (Male) |
| 9:12 | Construir | Mining Camp |
| 9:28 | Investigar | Feudal Age |
| 10:09 | Construir | House |
| 10:19 | Construir | Mill |
| 10:22 | Construir | Farm |
| 10:32 | Construir | Farm |
| 11:36 | Crear | Villager (Male) |
| 11:38 | Edad | Edad Feudal |
| 12:05 | Construir | Market |
| 12:08 | Crear | Villager (Male) |
| 12:31 | Construir | Farm |
| 12:34 | Construir | Farm |
| 13:04 | Crear | Villager (Male) |
| 13:39 | Construir | Blacksmith |
| 13:43 | Crear | Villager (Male) |
| 14:06 | Crear | Villager (Male) |
| 14:35 | Investigar | Castle Age |
| 14:35 | Investigar | Castle Age |
| 15:31 | Construir | Barracks |
| 15:57 | Construir | House |
| 16:07 | Construir | Palisade Wall |
| 16:15 | Construir | Palisade Wall |
| 16:28 | Construir | Stable |
| 16:31 | Construir | Stable |
| 16:51 | Investigar | Gold Mining |
| 17:05 | Construir | Farm |
| 17:07 | Construir | Farm |
| 17:15 | Edad | Edad de los Castillos |
| 17:16 | Investigar | Scale Barding Armor |
| 17:19 | Crear | Camel Scout |
| 17:25 | Construir | Farm |
| 17:27 | Crear | Villager (Male) |
| 17:28 | Crear | Villager (Male) |
| 17:33 | Construir | Farm |
| 17:53 | Construir | Farm |
| 18:03 | Crear | Knight |
| 18:06 | Crear | Camel Scout |
| 18:13 | Construir | Farm |
| 18:29 | Construir | Archery Range |
| 18:30 | Investigar | Double-Bit Axe |
| 19:09 | Crear | Skirmisher |
| 19:13 | Construir | Farm |
| 19:18 | Crear | Skirmisher |
| 19:20 | Construir | Farm |
| 19:44 | Crear | Skirmisher |
| 19:47 | Crear | Knight |
| 20:12 | Crear | Villager (Male) |
| 20:23 | Crear | Camel Scout |
| 20:36 | Crear | Villager (Male) |
| 20:46 | Crear | Knight |
| 20:48 | Crear | Skirmisher |
| 21:24 | Crear | Villager (Male) |
| 21:36 | Construir | Farm |
| 21:37 | Construir | Farm |
| 21:40 | Construir | Farm |
| 21:44 | Crear | Villager (Male) |
| 22:06 | Investigar | Bow Saw |
| 22:08 | Crear | Villager (Male) |
| 22:23 | Crear | Villager (Male) |
| 22:38 | Construir | Farm |
| 22:42 | Crear | Villager (Male) |
| 23:07 | Construir | Palisade Wall |
| 23:14 | Construir | Farm |
| 23:15 | Crear | Villager (Male) |
| 23:20 | Construir | Town Center |
| 23:43 | Crear | Villager (Male) |
| 23:48 | Investigar | Horse Collar |
| 23:57 | Construir | House |
| 24:25 | Crear | Camel Scout |
| 24:26 | Crear | Camel Scout |
| 24:29 | Crear | Villager (Male) |
| 24:29 | Crear | Villager (Male) |
| 24:55 | Construir | House |
| 24:58 | Crear | Villager (Male) |
| 24:58 | Crear | Villager (Male) |
| 25:00 | Crear | Villager (Male) |
| 25:01 | Crear | Villager (Male) |
| 25:39 | Crear | Camel Scout |
| 25:45 | Crear | Camel Scout |
| 25:48 | Crear | Villager (Male) |
| 25:53 | Construir | Farm |
| 26:09 | Construir | Farm |
| 26:11 | Construir | Farm |
| 26:16 | Construir | Farm |
| 26:19 | Crear | Camel Scout |
| 26:23 | Crear | Villager (Male) |
| 26:25 | Crear | Villager (Male) |
| 26:29 | Construir | Farm |
| 26:34 | Crear | Camel Scout |
| 27:05 | Crear | Villager (Male) |
| 27:07 | Crear | Villager (Male) |
| 27:10 | Construir | Farm |
| 27:12 | Construir | Farm |
| 27:29 | Crear | Camel Scout |
| 27:30 | Crear | Camel Scout |
| 27:50 | Construir | House |
| 27:51 | Construir | House |
| 27:53 | Crear | Villager (Male) |
| 27:53 | Crear | Villager (Male) |
| 27:54 | Crear | Villager (Male) |
| 27:54 | Crear | Villager (Male) |
| 28:15 | Crear | Villager (Male) |
| 28:34 | Crear | Villager (Male) |
| 28:36 | Construir | Farm |
| 28:52 | Investigar | Husbandry |
| 28:58 | Crear | Villager (Male) |
| 28:59 | Crear | Villager (Male) |
| 29:02 | Construir | Farm |
| 29:33 | Crear | Camel Scout |
| 29:34 | Crear | Camel Scout |
| 29:36 | Crear | Villager (Male) |
| 29:37 | Construir | Farm |
| 29:40 | Construir | Farm |
| 29:42 | Construir | Farm |
| 29:44 | Crear | Villager (Male) |
| 29:44 | Crear | Villager (Male) |
| 29:45 | Crear | Villager (Male) |
| 29:45 | Crear | Villager (Male) |
| 30:11 | Construir | House |
| 30:12 | Construir | House |
| 30:16 | Investigar | Wheelbarrow |
Build order — Hotaru Tomoe
Primeras 150 de 471 acciones detectadas
| 0:00 | Crear | Villager (Male) ×5 |
| 0:01 | Crear | Villager (Male) |
| 0:01 | Crear | Villager (Male) |
| 0:02 | Construir | House |
| 0:04 | Construir | House |
| 1:33 | Construir | Mill |
| 1:36 | Crear | Villager (Male) |
| 1:40 | Crear | Villager (Male) |
| 2:24 | Crear | Villager (Male) |
| 2:52 | Crear | Villager (Male) |
| 3:03 | Crear | Villager (Male) |
| 3:05 | Crear | Villager (Male) |
| 3:22 | Construir | House |
| 3:31 | Crear | Villager (Male) |
| 3:41 | Crear | Villager (Male) |
| 3:41 | Crear | Villager (Male) |
| 4:02 | Crear | Villager (Male) |
| 4:02 | Crear | Villager (Male) |
| 4:19 | Crear | Villager (Male) |
| 4:39 | Construir | Lumber Camp |
| 4:53 | Crear | Villager (Male) |
| 5:56 | Investigar | Feudal Age |
| 5:56 | Investigar | Feudal Age |
| 6:30 | Construir | House |
| 7:15 | Construir | Barracks |
| 8:02 | Edad | Edad Feudal |
| 8:04 | Construir | Stable |
| 8:06 | Crear | Villager (Male) |
| 8:28 | Crear | Villager (Male) |
| 8:41 | Crear | Villager (Male) |
| 8:44 | Crear | Scout Cavalry |
| 8:50 | Crear | Scout Cavalry |
| 8:53 | Construir | Farm |
| 8:53 | Construir | Farm |
| 8:53 | Construir | Farm |
| 9:01 | Crear | Villager (Male) |
| 9:03 | Crear | Scout Cavalry |
| 9:10 | Construir | Mill |
| 9:20 | Construir | Farm |
| 9:28 | Investigar | Loom |
| 9:39 | Construir | House |
| 9:45 | Crear | Scout Cavalry |
| 9:50 | Construir | Farm |
| 9:55 | Crear | Villager (Male) |
| 10:10 | Construir | House |
| 10:21 | Crear | Scout Cavalry |
| 10:26 | Crear | Villager (Male) |
| 10:58 | Crear | Villager (Male) |
| 11:02 | Construir | House |
| 11:09 | Construir | Farm |
| 11:15 | Crear | Villager (Male) |
| 11:37 | Crear | Villager (Male) |
| 11:39 | Construir | Farm |
| 11:58 | Construir | Farm |
| 11:59 | Construir | Farm |
| 12:01 | Crear | Villager (Male) |
| 12:15 | Crear | Villager (Male) |
| 12:16 | Construir | Farm |
| 12:17 | Construir | Farm |
| 12:34 | Crear | Villager (Male) |
| 12:37 | Construir | House |
| 12:43 | Construir | Farm |
| 12:46 | Crear | Villager (Male) |
| 13:10 | Crear | Villager (Male) |
| 13:14 | Crear | Villager (Male) |
| 13:16 | Construir | Farm |
| 13:16 | Construir | Farm |
| 13:17 | Construir | Farm |
| 13:31 | Crear | Villager (Male) |
| 13:38 | Crear | Villager (Male) |
| 13:39 | Construir | Farm |
| 13:47 | Construir | Farm |
| 14:04 | Construir | Farm |
| 14:08 | Crear | Villager (Male) |
| 14:18 | Crear | Villager (Male) |
| 14:29 | Crear | Villager (Male) |
| 14:41 | Construir | Farm |
| 14:44 | Construir | Farm |
| 14:44 | Construir | Farm |
| 14:44 | Construir | Farm |
| 14:44 | Construir | Farm |
| 14:44 | Construir | Farm |
| 14:44 | Construir | Farm |
| 14:44 | Construir | Farm |
| 14:44 | Construir | Farm |
| 14:44 | Construir | Farm |
| 14:44 | Construir | Farm |
| 14:45 | Construir | Farm |
| 14:45 | Construir | Farm |
| 14:45 | Construir | Farm |
| 14:45 | Construir | Farm |
| 14:49 | Crear | Villager (Male) |
| 15:18 | Crear | Villager (Male) |
| 15:22 | Construir | Mining Camp |
| 15:27 | Crear | Villager (Male) |
| 16:00 | Construir | Blacksmith |
| 16:03 | Crear | Villager (Male) |
| 16:28 | Crear | Villager (Male) |
| 16:58 | Investigar | Wheelbarrow |
| 17:04 | Construir | House |
| 18:08 | Investigar | Castle Age |
| 18:41 | Construir | Stable |
| 18:44 | Investigar | Gold Mining |
| 18:46 | Investigar | Scale Barding Armor |
| 19:06 | Investigar | Bloodlines |
| 19:07 | Investigar | Bloodlines |
| 19:09 | Investigar | Double-Bit Axe |
| 19:11 | Investigar | Horse Collar |
| 20:33 | Edad | Edad de los Castillos |
| 20:35 | Crear | Knight |
| 20:36 | Crear | Knight |
| 20:36 | Crear | Villager (Male) |
| 20:50 | Crear | Villager (Male) |
| 20:52 | Construir | Town Center |
| 20:59 | Crear | Knight |
| 20:59 | Crear | Knight |
| 21:05 | Investigar | Husbandry |
| 21:11 | Investigar | Husbandry |
| 21:13 | Crear | Villager (Male) |
| 21:15 | Construir | House |
| 21:22 | Construir | House |
| 21:32 | Crear | Knight |
| 21:32 | Crear | Knight |
| 21:34 | Crear | Villager (Male) |
| 21:34 | Crear | Villager (Male) |
| 21:36 | Construir | Farm |
| 21:36 | Construir | Farm |
| 21:41 | Crear | Villager (Male) |
| 21:45 | Construir | Lumber Camp |
| 21:56 | Crear | Knight |
| 21:58 | Crear | Villager (Male) |
| 22:10 | Crear | Villager (Male) |
| 22:16 | Crear | Knight |
| 22:17 | Crear | Villager (Male) |
| 22:25 | Investigar | Bow Saw |
| 22:27 | Crear | Villager (Male) |
| 22:45 | Construir | House |
| 22:51 | Crear | Knight |
| 22:53 | Crear | Villager (Male) |
| 22:53 | Crear | Villager (Male) |
| 22:57 | Crear | Villager (Male) |
| 23:03 | Crear | Villager (Male) |
| 23:03 | Crear | Villager (Male) |
| 23:04 | Crear | Villager (Male) |
| 23:07 | Crear | Villager (Male) |
| 23:07 | Crear | Villager (Male) |
| 23:08 | Crear | Villager (Male) |
| 23:17 | Crear | Knight |
| 23:17 | Crear | Villager (Male) |
| 23:28 | Investigar | Chain Barding Armor |
Build order — MancoAntonio75
Primeras 150 de 240 acciones detectadas
| 0:01 | Crear | Villager (Male) |
| 0:02 | Crear | Villager (Male) |
| 0:02 | Crear | Villager (Male) |
| 0:02 | Crear | Villager (Male) |
| 0:05 | Construir | House |
| 0:08 | Construir | House |
| 0:10 | Investigar | Loom |
| 0:16 | Investigar | Loom |
| 0:33 | Crear | Villager (Male) |
| 0:33 | Crear | Villager (Male) |
| 0:34 | Crear | Villager (Male) |
| 0:34 | Crear | Villager (Male) |
| 0:34 | Crear | Villager (Male) |
| 1:40 | Crear | Villager (Male) |
| 1:40 | Crear | Villager (Male) |
| 1:41 | Crear | Villager (Male) |
| 2:06 | Construir | Lumber Camp |
| 2:16 | Crear | Villager (Male) |
| 2:16 | Crear | Villager (Male) |
| 2:17 | Crear | Villager (Male) |
| 2:33 | Construir | House |
| 3:08 | Crear | Villager (Male) |
| 3:08 | Crear | Villager (Male) |
| 3:09 | Crear | Villager (Male) |
| 3:15 | Crear | Villager (Male) |
| 3:15 | Crear | Villager (Male) |
| 3:16 | Crear | Villager (Male) |
| 3:46 | Construir | Palisade Wall |
| 3:56 | Construir | Palisade Gate |
| 4:10 | Crear | Villager (Male) |
| 4:11 | Crear | Villager (Male) |
| 4:26 | Construir | House |
| 4:57 | Crear | Villager (Male) |
| 5:17 | Crear | Villager (Male) |
| 5:17 | Crear | Villager (Male) |
| 5:38 | Construir | House |
| 6:07 | Crear | Villager (Male) |
| 6:24 | Construir | Palisade Wall |
| 6:30 | Construir | Barracks |
| 6:40 | Crear | Villager (Male) |
| 6:49 | Crear | Villager (Male) |
| 7:13 | Crear | Villager (Male) |
| 7:14 | Crear | Villager (Male) |
| 7:30 | Construir | House |
| 7:44 | Construir | Mining Camp |
| 7:54 | Construir | Palisade Gate |
| 8:17 | Construir | Palisade Wall |
| 8:42 | Construir | Palisade Wall |
| 8:52 | Investigar | Feudal Age |
| 9:25 | Construir | Lumber Camp |
| 10:43 | Construir | Mill |
| 11:00 | Construir | House |
| 11:12 | Investigar | Double-Bit Axe |
| 11:13 | Crear | Villager (Male) |
| 11:13 | Crear | Villager (Male) |
| 11:35 | Construir | Archery Range |
| 11:39 | Crear | Villager (Male) |
| 11:48 | Construir | Palisade Wall |
| 12:11 | Crear | Villager (Male) |
| 12:19 | Crear | Archer |
| 12:20 | Crear | Archer |
| 12:20 | Crear | Archer |
| 12:20 | Crear | Archer |
| 12:21 | Crear | Archer |
| 12:21 | Crear | Archer |
| 12:21 | Crear | Archer |
| 12:22 | Crear | Archer |
| 12:30 | Crear | Villager (Male) |
| 12:53 | Construir | House |
| 12:57 | Crear | Villager (Male) |
| 13:17 | Construir | Archery Range |
| 13:26 | Construir | House |
| 13:38 | Crear | Villager (Male) |
| 13:51 | Construir | Blacksmith |
| 14:14 | Crear | Villager (Male) |
| 14:14 | Crear | Villager (Male) |
| 14:20 | Crear | Archer |
| 14:20 | Crear | Archer |
| 14:20 | Crear | Archer |
| 14:21 | Crear | Archer |
| 14:21 | Crear | Archer |
| 14:21 | Crear | Archer |
| 14:22 | Crear | Archer |
| 14:22 | Crear | Archer |
| 14:22 | Crear | Archer |
| 14:22 | Crear | Archer |
| 14:23 | Crear | Archer |
| 14:27 | Construir | Gate |
| 14:40 | Construir | Farm |
| 14:45 | Construir | Farm |
| 14:59 | Construir | House |
| 15:21 | Crear | Villager (Male) |
| 15:42 | Construir | Market |
| 15:50 | Construir | House |
| 15:52 | Construir | House |
| 16:02 | Crear | Villager (Male) |
| 16:03 | Crear | Villager (Male) |
| 16:17 | Crear | Skirmisher |
| 16:29 | Crear | Villager (Male) |
| 16:34 | Construir | Farm |
| 16:38 | Construir | Farm |
| 17:09 | Construir | House |
| 17:12 | Construir | House |
| 17:19 | Investigar | Fletching |
| 17:50 | Construir | House |
| 18:15 | Construir | Farm |
| 18:33 | Construir | House |
| 18:52 | Construir | Palisade Wall |
| 19:16 | Investigar | Wheelbarrow |
| 21:26 | Construir | Farm |
| 21:32 | Construir | Farm |
| 21:35 | Construir | Farm |
| 21:39 | Construir | Farm |
| 22:01 | Construir | Archery Range |
| 22:09 | Construir | Farm |
| 22:12 | Construir | Farm |
| 22:25 | Investigar | Castle Age |
| 22:47 | Construir | Archery Range |
| 22:54 | Construir | Archery Range |
| 23:02 | Construir | Archery Range |
| 23:20 | Construir | House |
| 24:24 | Construir | Mining Camp |
| 25:12 | Investigar | Hand Cart |
| 25:18 | Construir | Town Center |
| 25:42 | Construir | Farm |
| 25:51 | Investigar | Crossbowman (upgrade) |
| 25:57 | Crear | Archer ×5 |
| 25:57 | Crear | Archer ×5 |
| 25:57 | Crear | Archer ×5 |
| 25:57 | Crear | Archer ×5 |
| 25:58 | Crear | Archer ×5 |
| 25:58 | Crear | Archer ×3 |
| 26:25 | Crear | Villager (Male) |
| 26:26 | Crear | Villager (Male) |
| 26:26 | Crear | Villager (Male) |
| 26:39 | Construir | Siege Workshop |
| 26:45 | Investigar | Padded Archer Armor |
| 27:01 | Construir | Farm |
| 27:13 | Crear | Villager (Male) |
| 27:14 | Crear | Villager (Male) |
| 27:16 | Crear | Villager (Male) |
| 27:43 | Construir | University |
| 28:01 | Crear | Villager (Male) |
| 28:02 | Crear | Villager (Male) |
| 28:37 | Construir | Mining Camp |
| 28:40 | Crear | Mangonel |
| 28:40 | Crear | Mangonel |
| 28:56 | Construir | Farm |
| 28:58 | Construir | Farm |
| 29:00 | Construir | Farm |
Cronología de la partida
| 3:46 | MancoAntonio75 · wall_segment Palisade Wall x8 |
| 5:04 | mofo · wall_segment Palisade Wall x15 |
| 6:24 | MancoAntonio75 · wall_segment Palisade Wall x3 |
| 6:30 | MancoAntonio75 · first_building Barracks |
| 7:11 | mofo · wall_segment Palisade Wall x15 |
| 7:15 | Hotaru Tomoe · first_building Barracks |
| 8:02 | Hotaru Tomoe · age_up feudal |
| 8:04 | Hotaru Tomoe · first_building Stable |
| 8:17 | MancoAntonio75 · wall_segment Palisade Wall x9 |
| 8:42 | MancoAntonio75 · wall_segment Palisade Wall x10 |
| 9:29 | Qenix312 · first_building Barracks |
| 9:30 | Metrix · first_building Barracks |
| 9:32 | Qenix312 · age_up feudal |
| 9:36 | Bubble Kg ! · age_up feudal |
| 10:33 | Metrix · age_up feudal |
| 10:34 | Qenix312 · wall_segment Palisade Wall x5 |
| 10:47 | Bubble Kg ! · wall_segment Palisade Wall x1 |
| 10:48 | Bubble Kg ! · wall_segment Palisade Wall x1 |
| 11:26 | Metrix · first_building Stable |
| 11:30 | Bubble Kg ! · wall_segment Palisade Wall x1 |
| 11:31 | Bubble Kg ! · wall_segment Palisade Wall x1 |
| 11:32 | Bubble Kg ! · wall_segment Palisade Wall x1 |
| 11:35 | MancoAntonio75 · first_building Archery Range |
| 11:38 | mofo · age_up feudal |
| 11:48 | MancoAntonio75 · wall_segment Palisade Wall x5 |
| 12:20 | Bubble Kg ! · wall_segment Palisade Wall x6 |
| 12:40 | Metrix · wall_segment Palisade Wall x5 |
| 12:42 | Qenix312 · wall_segment Palisade Wall x10 |
| 12:45 | Qenix312 · wall_segment Palisade Wall x5 |
| 13:17 | Bubble Kg ! · wall_segment Palisade Wall x1 |
| 13:20 | Bubble Kg ! · wall_segment Palisade Wall x1 |
| 13:22 | Bubble Kg ! · wall_segment Palisade Wall x9 |
| 13:30 | Bubble Kg ! · wall_segment Palisade Wall x2 |
| 13:38 | Bubble Kg ! · wall_segment Palisade Wall x1 |
| 14:19 | mofo · first_market_sell 100 stone |
| 14:22 | mofo · first_market_buy 100 food |
| 14:53 | Bubble Kg ! · wall_segment Palisade Wall x5 |
| 14:56 | Bubble Kg ! · wall_segment Palisade Wall x1 |
| 15:02 | Metrix · wall_segment Stone Wall x10 |
| 15:31 | mofo · first_building Barracks |
| 15:44 | Bubble Kg ! · wall_segment Palisade Wall x4 |
| 15:45 | Bubble Kg ! · wall_segment Palisade Wall x1 |
| 15:46 | Bubble Kg ! · wall_segment Palisade Wall x1 |
| 16:07 | mofo · wall_segment Palisade Wall x5 |
| 16:15 | mofo · wall_segment Palisade Wall x4 |
| 16:28 | mofo · first_building Stable |
| 16:48 | Bubble Kg ! · age_up castle |
| 17:15 | mofo · age_up castle |
| 18:29 | mofo · first_building Archery Range |
| 18:52 | MancoAntonio75 · wall_segment Palisade Wall x7 |
| 19:24 | Metrix · first_building Archery Range |
| 20:33 | Hotaru Tomoe · age_up castle |
| 21:49 | Metrix · age_up castle |
| 22:16 | Qenix312 · age_up castle |
| 22:21 | MancoAntonio75 · first_market_buy 100 food |
| 23:07 | mofo · wall_segment Palisade Wall x1 |
| 23:29 | Bubble Kg ! · first_building Castle |
| 23:41 | MancoAntonio75 · tribute_sent a jugador 1 |
| 23:41 | MancoAntonio75 · tribute_sent a jugador 2 |
| 23:41 | MancoAntonio75 · tribute_sent a jugador 3 |
| 23:41 | MancoAntonio75 · tribute_sent a jugador 4 |
| 23:41 | MancoAntonio75 · tribute_sent a jugador 5 |
| 23:48 | Bubble Kg ! · wall_segment Palisade Wall x1 |
| 24:00 | Bubble Kg ! · wall_segment Palisade Wall x3 |
| 25:30 | Bubble Kg ! · first_building Barracks |
| 26:39 | MancoAntonio75 · first_building Siege Workshop |
| 26:53 | Bubble Kg ! · wall_segment Stone Wall x6 |
| 26:57 | Bubble Kg ! · wall_segment Stone Wall x8 |
| 27:06 | Bubble Kg ! · wall_segment Stone Wall x4 |
| 27:07 | Bubble Kg ! · wall_segment Stone Wall x1 |
| 27:12 | Bubble Kg ! · wall_segment Stone Wall x6 |
| 27:16 | Bubble Kg ! · wall_segment Stone Wall x1 |
| 27:19 | Bubble Kg ! · wall_segment Stone Wall x1 |
| 27:22 | Bubble Kg ! · wall_segment Stone Wall x1 |
| 27:23 | Bubble Kg ! · wall_segment Stone Wall x5 |
| 27:45 | Bubble Kg ! · first_building Siege Workshop |
| 28:20 | Hotaru Tomoe · first_building Monastery |
| 28:32 | Qenix312 · first_building Castle |
| 30:07 | Qenix312 · first_building Archery Range |
| 30:29 | MancoAntonio75 · first_building Castle |
| 30:31 | Metrix · first_building Monastery |
| 30:45 | Metrix · first_market_sell 100 food |
| 30:47 | Metrix · first_market_buy 100 stone |
| 31:03 | Metrix · first_building Castle |
| 36:14 | Bubble Kg ! · wall_segment Stone Wall x1 |
| 36:15 | Bubble Kg ! · wall_segment Stone Wall x3 |
| 36:37 | Hotaru Tomoe · age_up imperial |
| 37:17 | mofo · first_building Castle |
| 37:30 | Qenix312 · wall_segment Stone Wall x7 |
| 37:50 | Bubble Kg ! · wall_segment Stone Wall x4 |
| 38:25 | Bubble Kg ! · wall_segment Stone Wall x3 |
| 38:27 | Bubble Kg ! · wall_segment Stone Wall x4 |
| 38:29 | Bubble Kg ! · wall_segment Stone Wall x5 |
| 38:32 | Qenix312 · wall_segment Stone Wall x14 |
| 38:37 | Bubble Kg ! · wall_segment Stone Wall x1 |
| 38:44 | Bubble Kg ! · wall_segment Stone Wall x1 |
| 39:45 | Bubble Kg ! · wall_segment Stone Wall x1 |
| 39:46 | Bubble Kg ! · wall_segment Palisade Wall x1 |
| 40:07 | Bubble Kg ! · age_up imperial |
| 40:14 | Qenix312 · wall_segment Stone Wall x15 |
| 40:37 | Qenix312 · wall_segment Stone Wall x7 |
| 41:26 | Qenix312 · wall_segment Stone Wall x6 |
| 41:31 | Metrix · tribute_sent a jugador 1 |
| 41:31 | Metrix · tribute_sent a jugador 3 |
| 41:31 | Metrix · tribute_sent a jugador 4 |
| 41:31 | Metrix · tribute_sent a jugador 5 |
| 41:31 | Metrix · tribute_sent a jugador 6 |
| 41:36 | MancoAntonio75 · tribute_sent a jugador 1 |
| 41:36 | MancoAntonio75 · tribute_sent a jugador 2 |
| 41:36 | MancoAntonio75 · tribute_sent a jugador 3 |
| 41:36 | MancoAntonio75 · tribute_sent a jugador 4 |
| 41:36 | MancoAntonio75 · tribute_sent a jugador 5 |
| 41:59 | mofo · age_up imperial |
| 42:03 | Metrix · first_building Siege Workshop |
| 42:24 | Hotaru Tomoe · first_building Castle |
| 43:29 | Metrix · age_up imperial |
| 44:05 | Qenix312 · first_market_buy 100 stone |
| 44:22 | Bubble Kg ! · wall_segment Stone Wall x5 |
| 45:00 | mofo · resign |
| 45:23 | Qenix312 · age_up imperial |
[ ANÁLISIS IA · 1 CRÉDITO ]
¿Qué pasó realmente en esta partida?
Wolo.gg analiza cada decisión: build order, eco, micro, errores típicos por bracket. Análisis personalizado por WhatsApp o Discord en 30 segundos.
Guía civ
Magiares
Guía mapa
Fortified Clearing
Perfil
Qenix312